 Dungeon Crawl Stone Soup version 0.21-a0-518-g43a1781 (webtiles) character file.

46 4thArraOfDagon the Skirmisher (level 3, -3/33 HPs)
             Began as a Minotaur Abyssal Knight on Dec 4, 2017.
             Was a Follower of Lugonu.
             Slain by a hound (6 damage)
             ... on level 4 of the Dungeon.
             The game lasted 00:03:20 (727 turns).

4thArraOfDagon the Skirmisher (MiAK)                 Turns: 727, Time: 00:03:21

Health: -3/33      AC:  3    Str: 16    XL:     3   Next: 46%
Magic:  3/3        EV: 11    Int: 10    God:    Lugonu [*.....]
Gold:   132        SH:  0    Dex:  9    Spells: 2/2 levels left

rFire    . . .     SeeInvis .   a - +1 hand axe
rCold    . . .     Gourm    .   (no shield)
rNeg     + . .     Faith    .   b - +0 leather armour
rPois    .         Spirit   .   (helmet restricted)
rElec    .         Reflect  .   (no cloak)
rCorr    .         Harm     .   (no gloves)
MR       .....                  (no boots)
Stlth    +.........             e - amulet of magic regeneration
HPRegen  0.11/turn              n - ring of positive energy
MPRegen  0.33/turn              (no ring)

@: no status effects
A: retaliatory headbutt, horns 2
a: Depart the Abyss, Renounce Religion


You were on level 4 of the Dungeon.
You worshipped Lugonu.
Lugonu was aware of your devotion.
You were not hungry.

You visited 1 branch of the dungeon, and saw 4 of its levels.
You visited the Abyss 1 time.

You collected 132 gold pieces.

Inventory:

Hand Weapons
 a - a +1 hand axe (weapon)
Armour
 b - a +0 leather armour (worn)
Jewellery
 e - an amulet of magic regeneration (around neck)
 n - a ring of positive energy (left hand)
Wands
 p - a wand of digging (11)
Scrolls
 g - a scroll of teleportation {unknown}
 q - a scroll of remove curse {unknown}
Potions
 d - a potion of brilliance {unknown}
 f - a potion of flight
 j - a potion of resistance {unknown}
 k - a potion of heal wounds {unknown}
 m - a potion of magic {unknown}
 o - 2 potions of agility
 r - a potion of lignification
Comestibles
 c - a bread ration
 l - a royal jelly


   Skills:
 + Level 4.0 Fighting
 * Level 3.3 Axes
 + Level 2.9 Armour
 + Level 1.7 Dodging
 + Level 2.2 Invocations


You had 2 spell levels left.
You didn't know any spells.

Dungeon Overview and Level Annotations

Branches:
Dungeon (4/15)
 Temple: D:4-7

Altars:

Annotations:
D:3 Daviar's ghost, amateur OpTm


Innate Abilities, Weirdness & Mutations

You reflexively headbutt those who attack you in melee.
You have a pair of horns on your head.


Message History

* * * LOW HITPOINT WARNING * * *
You closely miss the hound.
The hound is almost dead.
The hound bites you.
* * * LOW HITPOINT WARNING * * *
The hound bites you.
* * * LOW HITPOINT WARNING * * *
Unknown command.
You feel better. The hound bites you.
* * * LOW HITPOINT WARNING * * *
You closely miss the hound.
The hound is almost dead.
The hound bites you.
* * * LOW HITPOINT WARNING * * *
The hound closely misses you.
Unknown command.
Your leather armour prevents you from hitting the hound.
The hound is almost dead.
The hound bites you.
You die...

### ..#+### #..... #
#.... . #... #.##h##
#.#8@8##### ##
#.........#
...#######.#8.8#...#
........## ##.##...##
?.$.....+ #........#
........####...#†...#
#..[..<.#.....#....#
#....##.#.##..######
#.## #......>#


You could see a hound.

Vanquished Creatures
  A hound skeleton (D:4)
  An adder (D:3)
  An adder skeleton (D:4)
  A worm (D:3)
  A ball python (D:3)
  4 giant cockroaches
  A hobgoblin (D:2)
  5 bats
  2 frilled lizards
  3 kobolds
  3 rats (D:1)
23 creatures vanquished.

Notes
Turn   | Place    | Note
-------+----------+-------------------------------------------
     0 | Abyss:1  | 4thArraOfDagon the Minotaur Abyssal Knight began the quest for the Orb.
     0 | Abyss:1  | Reached XP level 1. HP: 19/19 MP: 1/1
    57 | Abyss:2  | Noticed a large abomination
   108 | Abyss:2  | Noticed a small abomination
   118 | D:1      | Escaped the Abyss
   219 | D:1      | Reached * piety under Lugonu
   292 | D:1      | Reached XP level 2. HP: 25/27 MP: 2/2
   641 | D:3      | Reached XP level 3. HP: 18/33 MP: 3/3
   672 | D:3      | Noticed Daviar's ghost (amateur OpTm)
   703 | D:4      | Reached skill level 4 in Fighting
   724 | D:4      | HP: 1/33 [hound (5)]
   727 | D:4      | Slain by a hound

Vault maps used:
D:1:      dpeg_arrival_chambers_temple_mockup
D:2:      lemuel_round_altar, first_bread
D:3:      lemuel_round_altar, minmay_misc_feat_columns
D:4:      small_statue_intersection

Skill      XL: |  1  2  3 |
---------------+----------+-----
Invocations    | 2 |  2.2
Axes           | 3 |  3.3
Fighting       | 4 |  4.0
Armour         | |  2.9
Dodging        | |  1.7

Action                   || total
-------------------------++-------
Melee: Hand axe          ||    68
       Headbutt          ||     5
Invok: Depart the Abyss  ||     1
  Use: Scroll            ||     3
       Potion            ||     2
  Eat: Fruit             ||     2
Armor: Leather armour    ||    24
Dodge: Dodged            ||    43

Table legend:
 A = Spawn XP
 B = Non-spawn XP
 C = Spawn XP percentage of total XP
 D = Spawn monster count
 E = Non-spawn monster count
 F = Spawn count percentage of total count
 G = Total turns spent on level
                    A         B        C        D         E        F      G
               +---------+---------+-------+---------+---------+-------+---------
         Total |       0 |      67 |   0.0 |       0 |      23 |   0.0 |   727
               +---------+---------+-------+---------+---------+-------+---------
           D:1 |       0 |      12 |   0.0 |       0 |      10 |   0.0 |   231
           D:2 |       0 |       7 |   0.0 |       0 |       5 |   0.0 |   210
           D:3 |       0 |      24 |   0.0 |       0 |       5 |   0.0 |   131
           D:4 |       0 |      24 |   0.0 |       0 |       3 |   0.0 |    37
               +---------+---------+-------+---------+---------+-------+---------
